 Dungeon Crawl Stone Soup version 0.21.0-37-g46506fa (webtiles) character file.

2028 garbagetei the Covert (level 9, -6/51 HPs)
             Began as a Kobold Enchanter on Jan 30, 2018.
             Mangled by a wyvern zombie (11 damage)
             ... on level 8 of the Dungeon.
             The game lasted 00:29:30 (10469 turns).

garbagetei the Covert (Kobold Enchanter)           Turns: 10469, Time: 00:29:31

Health: -6/51      AC:  6    Str:  5    XL:     9   Next: 47%
Magic:  20/24      EV: 16    Int: 17    God:
Gold:   262        SH:  0    Dex: 18    Spells: 12/16 levels left

rFire    . . .     SeeInvis .   i - +0 short sword (protect)
rCold    . . .     Gourm    .   (shield restricted)
rNeg     . . .     Faith    .   q - +2 leather armour "Ucrahotou" {rElec}
rPois    .         Spirit   .   (no helmet)
rElec    +         Reflect  .   (no cloak)
rCorr    +         Harm     .   e - +0 pair of gloves
MR       .....                  (no boots)
Stlth    ++++......             (no amulet)
HPRegen  0.17/turn              f - ring of resist corrosion
MPRegen  0.19/turn              l - ring of magical power

@: very slightly contaminated
A: small, carnivore
a: no special abilities


You were on level 8 of the Dungeon.
You were completely stuffed.

You visited 2 branches of the dungeon, and saw 11 of its levels.
You also visited: Ossuary.

You collected 262 gold pieces.

Inventory:

Hand Weapons
 a - a +1 dagger
 i - a +0 short sword of protection (weapon)
 K - a +0 rapier
Missiles
 j - 8 poisoned needles
Armour
 b - a +0 robe
 e - a +0 pair of gloves (worn)
 h - a +2 robe of fire resistance
 p - a +0 leather armour
 q - the +2 leather armour "Ucrahotou" (worn) {rElec}
   (You found it on level 5 of the Dungeon)

   It insulates you from electricity.
Jewellery
 f - a ring of resist corrosion (left hand)
 l - a ring of magical power (right hand)
Wands
 u - a wand of flame (14)
 L - a wand of paralysis (13)
 M - a wand of disintegration (13)
Scrolls
 g - 3 scrolls of identify
 k - a scroll of fog {unknown}
 m - 3 scrolls of remove curse
 n - 3 scrolls of enchant weapon {unknown}
 o - 2 scrolls of enchant armour {unknown}
 r - a scroll of fear {unknown}
 s - 2 scrolls of magic mapping {unknown}
 t - a scroll of amnesia {unknown}
 w - 2 scrolls of blinking {unknown}
 y - 2 scrolls of immolation {unknown}
 E - 3 scrolls of random uselessness {unknown}
 G - 2 scrolls of noise {unknown}
Potions
 v - a potion of cancellation {unknown}
 z - a potion of magic {unknown}
 A - 5 potions of curing
 B - 2 potions of ambrosia {unknown}
 C - 2 potions of mutation {unknown}
 D - 7 potions of degeneration
 F - a potion of haste
 H - a potion of brilliance
 I - 2 potions of heal wounds {unknown}
 J - a potion of lignification {unknown}
Books
 c - a book of Maledictions

   Spells                             Type                      Level
   a - Corona                         Hexes                        1
   b - Ensorcelled Hibernation        Hexes/Ice                    2
   c - Confuse                        Hexes                        3
   d - Tukima's Dance                 Hexes                        3
   e - Dazzling Spray                 Conjuration/Hexes            3
 x - a book of Necromancy

   Spells                             Type                      Level
   a - Pain                           Necromancy                   1
   b - Animate Skeleton               Necromancy                   1
   c - Vampiric Draining              Necromancy                   3
   d - Regeneration                   Charms/Necromancy            3
   e - Animate Dead                   Necromancy                   4
   f - Borgnjor's Vile Clutch         Necromancy/Earth             5
 N - a book of Callings

   Spells                             Type                      Level
   a - Summon Small Mammal            Summoning                    1
   b - Call Imp                       Summoning                    2
   c - Call Canine Familiar           Summoning                    3
   d - Summon Guardian Golem          Hexes/Summoning              3
   e - Summon Lightning Spire         Summoning/Air                4
   f - Summon Ice Beast               Ice/Summoning                4
Comestibles
 d - 4 rations
 O - a chunk of flesh


   Skills:
 + Level 3.5 Fighting
 * Level 9.0 Short Blades
 + Level 1.7 Armour
 + Level 4.6 Dodging
 * Level 9.4 Stealth
 * Level 4.0 Spellcasting
 * Level 4.3 Hexes
 + Level 1.9 Ice Magic
 + Level 0.8 Evocations


You had 12 spell levels left.
You knew the following spells:

 Your Spells              Type           Power        Failure   Level  Hunger
a - Corona                Hex            ###....      4%          1    None
b - Ensorcelled Hibernat  Hex/Ice        ##....       11%         2    ##.....
c - Summon Small Mammal   Summ           #...         26%         1    None


Dungeon Overview and Level Annotations

Branches:
Dungeon (10/15)            Temple (1/1) D:4
   Lair: D:8-11         Orc: D:9-12

Altars:
Ashenzari
Cheibriados
Dithmenos
Elyvilon
Gozag
Kikubaaqudgha
Nemelex Xobeh
Okawaru
Qazlal
Ru
Sif Muna
Trog
Uskayaw
Vehumet
Wu Jian
Yredelemnul
Zin
The Shining One

Annotations:
D:4 8 exclusions, Menkaure


Innate Abilities, Weirdness & Mutations

You are small and have problems with some larger weapons.
You are carnivorous and can eat meat at any time.


Message History

Confirm with . or Enter, or press ? or * to list all spells.
You miscast Summon Small Mammal.
Your brain hurts!
The wyvern zombie barely misses you.
Casting: Summon Small Mammal
Confirm with . or Enter, or press ? or * to list all spells.
The wyvern zombie bites you!
* * * LOW HITPOINT WARNING * * *
The wyvern zombie barely misses you.
You swap places.
Your bat hits the wyvern zombie but does no damage. x2
The wyvern zombie bites your bat!
Your bat dies!
Your bat's corpse disappears in a puff of smoke!
Your rat bites the wyvern zombie.
You hear a distant slurping noise.
The wyvern zombie bites something.
Casting: Summon Small Mammal
Confirm with . or Enter, or press ? or * to list all spells.
The wyvern zombie bites you!
You die...

#........###.........#
#.^......# ##.......##
###...##.# ##.....##
#...##.# ##..>##
#......# ##+##
##.##### .#
#.########## .###
#.#.Z......##...####
#.#@######.#........
#.r..(.# #.r....#
###.##.# #.#...##
#.##.###.#...#
#............#
##########.### #.# #..
####


You could see a wyvern zombie and a friendly rat.

Vanquished Creatures
  Grinder (D:5)
  Sigmund (D:6)
  A hungry ghost (D:7)
  A sky beast (D:7)
  A black bear (D:7)
  A phantom (D:5)
  2 ogres (D:6)
  Blork the orc (D:4)
  2 bullfrogs
  A scorpion (D:4)
  3 howler monkeys
  A centaur zombie (D:7)
  3 hounds
  3 orc priests
  A human zombie (Ossuary)
  6 orc wizards (D:6)
  Natasha (twice) (D:2)
  A worker ant (D:5)
  An iguana (D:3)
  2 big kobold zombies (Ossuary)
  A hound zombie (D:5)
  3 mummies (Ossuary)
  A howler monkey zombie (D:7)
  2 worker ant zombies
  A howler monkey skeleton (D:4)
  2 adders (D:3)
  An ooze (D:3)
  A worm (D:2)
  3 dart slugs
  4 leopard geckos
  13 orcs
  8 giant cockroaches
  5 goblins
  4 hobgoblins
  3 jackals (D:5)
  A quokka (D:3)
  A ball python (D:5)
  7 bats
  5 frilled lizards
  3 gnoll zombies (Ossuary)
  A hobgoblin zombie (Ossuary)
  7 kobolds
  An orc zombie (Ossuary)
  5 rats
118 creatures vanquished.

Notes
Turn   | Place    | Note
-------+----------+-------------------------------------------
     0 | D:1      | garbagetei the Kobold Enchanter began the quest for the Orb.
     0 | D:1      | Reached XP level 1. HP: 10/10 MP: 3/3
   218 | D:1      | Reached XP level 2. HP: 14/15 MP: 5/5
   278 | D:1      | Learned a level 2 spell: Ensorcelled Hibernation
  1069 | D:1      | Found a shadowy altar of Dithmenos.
  1522 | D:1      | Reached XP level 3. HP: 5/19 MP: 6/6
  1905 | D:1      | You fall through a shaft!
  2071 | D:2      | Noticed Natasha
  2100 | D:2      | Killed Natasha
  2100 | D:2      | Reached XP level 4. HP: 6/24 MP: 7/7
  2365 | D:2      | Reached skill level 5 in Stealth
  2704 | D:2      | Noticed Natasha
  2717 | D:2      | Killed Natasha
  3434 | D:2      | Found a sacrificial altar of Ru.
  3595 | D:3      | Reached XP level 5. HP: 28/28 MP: 8/8
  3974 | D:4      | Found a glowing golden altar of the Shining One.
  3975 | D:4      | Found an opulent altar of Gozag.
  3994 | D:4      | Noticed Blork the orc
  4011 | D:4      | Killed Blork the orc
  4011 | D:4      | Reached skill level 1 in Fighting
  4011 | D:4      | Reached XP level 6. HP: 18/34 MP: 9/9
  4210 | D:4      | Found a staircase to the Ecumenical Temple.
  4220 | Temple   | Entered the Ecumenical Temple
  4344 | D:4      | Noticed Menkaure
  5040 | D:5      | Entered Level 5 of the Dungeon
  5520 | D:5      | Noticed a phantom
  5563 | D:5      | Reached XP level 7. HP: 20/39 MP: 10/10
  5894 | D:4      | Reached skill level 5 in Short Blades
  5925 | D:5      | Noticed Grinder
  6346 | D:5      | Paralysed by Grinder for 4 turns
  6361 | D:5      | Killed Grinder
  6520 | D:5      | Reached XP level 8. HP: 7/45 MP: 11/11
  6932 | D:5      | Got a dazzling leather armour
  6943 | D:5      | Identified the +2 leather armour "Ucrahotou" {rElec} (You found it on level 5 of the Dungeon)
  6978 | D:5      | Found a radiant altar of Vehumet.
  7441 | D:6      | Noticed Sigmund
  7974 | D:6      | Reached skill level 1 in Ice Magic
  8180 | D:6      | Killed Sigmund
  8436 | D:7      | Found a sand-covered staircase.
  8444 | Ossuary  | Entered an ossuary
  8798 | Ossuary  | Reached skill level 1 in Armour
  8798 | Ossuary  | Reached XP level 9. HP: 44/50 MP: 13/13
  9979 | D:7      | Found a shattered altar of Ashenzari.
 10138 | D:7      | Found a bloodstained altar of Trog.
 10239 | D:7      | You fall through a shaft for 3 floors!
 10239 | D:10     | Entered Level 10 of the Dungeon
 10335 | D:8      | Learned a level 1 spell: Summon Small Mammal
 10469 | D:8      | Mangled by a wyvern zombie

Skill      XL: |  1  2  3  4  5  6  7  8  9 |
---------------+----------------------------+-----
Short Blades   | 2 3 4 6 8 9 |  9.0
Stealth        | 5 6 7 8 9 |  9.4
Dodging        | 3 4 |  4.6
Fighting       | 1 2 3 |  3.5
Ice Magic      | 1 |  1.9
Spellcasting   | 3 4 |  4.0
Armour         | 1 |  1.7
Hexes          | 4 |  4.3
Evocations     | |  0.8

Action                   |  1- 3 |  4- 6 |  7- 9 || total
-------------------------+-------+-------+-------++-------
Melee: Dagger            |    58 |       |       ||    58
       Short sword       |    55 |   340 |   521 ||   916
 Cast: Ensorcelled Hiber |     2 |    10 |    28 ||    40
       Summon Small Mamm |       |       |     6 ||     6
Evoke: Wand              |       |       |    10 ||    10
  Use: Potion            |     1 |     1 |     6 ||     8
       Scroll            |     1 |     2 |     2 ||     5
 Stab: Sleeping          |     9 |    15 |    21 ||    45
       Distracted        |       |       |     1 ||     1
  Eat: Chunk             |     4 |    11 |    24 ||    39
       Ration            |       |     1 |     2 ||     3
Armor: Robe              |    21 |    83 |    39 ||   143
       Leather armour    |       |       |    79 ||    79
Dodge: Dodged            |    77 |   218 |   294 ||   589
